Maple Leafs vs Kings
Created - March 17, 2020 at 08:16
Goals
|
| Maple Leafs |
1 |
1 |
4 |
6 |
| Kings |
0 |
1 |
0 |
1 |
|
Shots
|
| Maple Leafs |
10 |
6 |
13 |
29 |
| Kings |
12 |
14 |
9 |
35 |
|
1st period
1. Maple Leafs , Brayden Schenn 17 (Braydon Coburn 16, Kevin Shattenkirk 35) at 6:34
Penalties :
Matt Martin (LAK) for Holding Stick (Minor) at 2:58
2nd period
2. Kings , Gilbert Brule 12 (Clarke MacArthur 13) at 2:43
3. Maple Leafs , Taylor Hall 16 (Marc-Édouard Vlasic 6) at 16:22
Penalties :
Daniel Carcillo (LAK) for Holding (Minor) at 5:49, Anze Kopitar (LAK) for Slashing (Minor) at 11:10
3rd period
4. Maple Leafs , Eric Nystrom 16 (Blake Comeau 7) at 1:20
5. Maple Leafs , Eric Nystrom 17 (John Klingberg 21) at 3:45
6. Maple Leafs , Taylor Hall 17 (Marc-Édouard Vlasic 7, Ryan Parent 10) at 17:52
7. Maple Leafs , Jordan Staal 20 (Patrick Kane 38) at 19:51
Penalties :
Vincent Lecavalier (LAK) for Tripping (Minor) at 9:08
Goalie Stats
Marc-André Fleury (Tor), 34 saves from 35 shots - (0.971), W, 22-18-7, 60:00 minutes
John Gibson (LAK), 8 saves from 10 shots - (0.800), 16:15 minutes
Jaroslav Halak (LAK), 15 saves from 19 shots - (0.789), L, 19-22-3, 43:45 minutes
Players Stats for Maple Leafs
Player Name G A P +/- PIM S H SB GA TA FO MP PP MP PK MP
------------------------------------------------------------------------------------
Beau Bennett 0 0 0 0 0 0 1 2 0 0 0/0 12:22 0:00 0:00
Ben Smith 0 0 0 3 0 0 1 1 0 0 0/0 17:01 3:40 0:00
Blake Comeau 0 1 1 2 0 2 0 1 1 0 0/0 9:24 0:04 0:00
Brayden Schenn 1 0 1 3 0 3 0 0 1 1 5/11 17:18 3:40 0:00
Braydon Coburn 0 1 1 1 0 0 2 0 1 0 0/0 19:01 0:00 0:00
Eric Nystrom 2 0 2 2 0 2 1 0 1 0 0/0 8:35 0:10 0:00
Hampus Lindholm 0 0 0 0 0 3 2 0 0 0 0/0 24:31 4:59 0:00
Jake Guentzel 0 0 0 0 0 1 1 0 0 0 0/0 12:22 0:00 0:00
John Klingberg 0 1 1 0 0 1 1 1 1 1 0/0 20:33 2:57 0:00
Jordan Staal 1 0 1 0 0 3 1 0 1 0 20/34 21:13 4:12 0:00
Kevin Shattenkirk 0 1 1 1 0 0 0 0 0 0 0/0 27:31 4:59 0:00
Kyle Clifford 0 0 0 0 0 0 2 1 0 1 0/1 20:47 3:40 0:00
Marc-Édouard Vlasic 0 2 2 4 0 0 0 0 0 1 0/0 16:46 2:57 0:00
Mika Zibanejad 0 0 0 0 0 1 1 4 0 1 2/4 13:06 0:04 0:00
Nate Thompson 0 0 0 2 0 1 0 2 0 0 1/1 8:23 0:00 0:00
Patrick Kane 0 1 1 0 0 5 2 1 0 0 0/1 21:30 4:12 0:00
Ryan Parent 0 1 1 4 0 1 0 0 0 1 0/0 11:38 0:00 0:00
Taylor Hall 2 0 2 3 0 6 2 1 0 0 0/0 17:59 4:06 0:00
Players Stats for Kings
Player Name G A P +/- PIM S H SB GA TA FO MP PP MP PK MP
------------------------------------------------------------------------------------
Adam Burish 0 0 0 -2 0 0 0 0 1 0 0/0 9:28 0:00 2:01
Anze Kopitar 0 0 0 -2 2 1 3 0 0 0 6/12 17:38 0:00 1:42
Blake Wheeler 0 0 0 0 0 2 0 0 0 1 4/6 22:16 0:00 3:59
Clarke MacArthur 0 1 1 -1 0 5 1 0 1 0 0/0 18:06 0:00 0:29
Dan Hamhuis 0 0 0 0 0 2 0 3 0 0 0/0 16:38 0:00 0:00
Daniel Carcillo 0 0 0 -2 2 2 0 0 0 0 0/0 12:09 0:00 3:04
Darnell Nurse 0 0 0 -2 0 0 0 3 0 1 0/0 24:15 0:00 4:38
Dougie Hamilton 0 0 0 -2 0 1 0 0 0 1 0/0 17:08 0:00 0:00
Gabriel Landeskog 0 0 0 -2 0 0 0 0 0 1 0/0 17:15 0:00 1:50
Gilbert Brule 1 0 1 0 0 5 2 1 0 1 10/23 17:49 0:00 0:46
Jeff Schultz 0 0 0 -3 0 1 2 2 0 0 0/0 22:56 0:00 4:38
Matt Martin 0 0 0 0 2 2 3 1 2 0 0/0 11:27 0:00 0:00
Nikita Kucherov 0 0 0 -2 0 3 2 1 1 0 0/1 14:28 0:00 0:00
Peter Regin 0 0 0 -2 0 0 0 0 0 0 2/5 9:28 0:00 2:01
Shea Weber 0 0 0 0 0 1 3 3 0 0 0/0 19:56 0:00 3:18
Tomas Kopecky 0 0 0 -1 0 5 0 0 0 0 0/1 10:30 0:00 0:00
Torey Krug 0 0 0 -3 0 0 1 2 1 1 0/0 19:07 0:00 3:18
Vincent Lecavalier 0 0 0 -1 2 5 2 0 0 0 2/4 11:26 0:00 0:00
3 Stars
1 - Taylor Hall (Tor)
2 - Eric Nystrom (Tor)
3 - Marc-André Fleury (Tor)
Power Play
Maple Leafs - 0 on 4 Attempt(s) - 0.00%
Kings - 0 on 0 Attempt(s) - 0.00%
Penalty Kill
Maple Leafs - 0 on 0 Attempt(s) - 0.00%
- Score 0 goal in Penalty Kill
Kings - 4 on 4 Attempt(s) - 100.00%
- Score 0 goal in Penalty Kill
Team Stat
Maple Leafs - Hits : 17 - Faceoff Wins : 28 - Blocked Shots : 14 - Penalty Minutes : 0
Kings - Hits : 19 - Faceoff Wins : 24 - Blocked Shots : 16 - Penalty Minutes : 8
Official
Referees : Unknown
Linesman : Unknown
Game Notes
John Gibson enters game at 3:45 of 3rd period
Finance
Level 1 -- Attendance: 5579 (92.98%) -- Ticket Income $557,900
Level 2 -- Attendance: 5000 (100.00%) -- Ticket Income $300,000
Level 3 -- Attendance: 1984 (99.20%) -- Ticket Income $69,440
Level 4 -- Attendance: 4000 (100.00%) -- Ticket Income $80,000
Luxury Box -- Attendance: 1000 (100.00%) -- Ticket Income $180,000
Game was played at the Staples Center.
Total Attendance: 17563 (97.57%)
Total Ticket Income: $1,187,340
Other Income: $178,101
Total Income: $1,365,441
Maple Leafs
5 vs 5 Forward
Center Left Wing Right Wing Time % Phy DF OF
1 Jordan Staal Kyle Clifford Patrick Kane 40 1 1 3
2 Brayden Schenn Taylor Hall Ben Smith 30 1 2 2
3 Mika Zibanejad Jake Guentzel Beau Bennett 20 1 2 2
4 Nate Thompson Eric Nystrom Blake Comeau 10 1 3 1
5 vs 5 Defense
Defense Defense Time % Phy DF OF
1 Kevin Shattenkirk Hampus Lindholm 40 1 2 2
2 John Klingberg Braydon Coburn 30 1 2 2
3 Ryan Parent Marc-Édouard Vlasic 20 1 2 2
4 Kevin Shattenkirk Braydon Coburn 10 1 2 2
PowerPlay Forward
Center Left Wing Right Wing Time % Phy DF OF
1 Jordan Staal Taylor Hall Patrick Kane 60 0 1 4
2 Brayden Schenn Kyle Clifford Ben Smith 40 0 1 4
PowerPlay Defense
Defense Defense Time % Phy DF OF
1 Kevin Shattenkirk Hampus Lindholm 60 0 1 4
2 Marc-Édouard Vlasic John Klingberg 40 0 1 4
Penalty Kill 4 Players Forward
Center Wing Time % Phy DF OF
1 Brayden Schenn Kyle Clifford 60 1 3 1
2 Jordan Staal Patrick Kane 40 1 3 1
Penalty Kill 4 Players Defense
Defense Defense Time % Phy DF OF
1 Braydon Coburn Ryan Parent 60 1 3 1
2 Kevin Shattenkirk Hampus Lindholm 40 1 3 1
Penalty Kill - 3 Players Forward
Forward Time % Phy DF OF
1 Brayden Schenn 60 1 4 0
2 Taylor Hall 40 1 4 0
Penalty Kill - 3 Players Defense
Defense Defense Time % Phy DF OF
1 Braydon Coburn Ryan Parent 60 1 4 0
2 Kevin Shattenkirk Hampus Lindholm 40 1 4 0
4 vs 4 Forward
Center Wing Time % Phy DF OF
1 Jordan Staal Patrick Kane 60 1 2 2
2 Brayden Schenn Taylor Hall 40 1 2 2
4 vs 4 Defense
Defense Defense Time % Phy DF OF
1 Kevin Shattenkirk John Klingberg 60 1 2 2
2 Braydon Coburn Ryan Parent 40 1 2 2
Last Minutes Offensive
Center Left Wing Right Wing Defense Defense
Jordan Staal Taylor Hall Patrick Kane Kevin Shattenkirk Hampus Lindholm
Last Minutes Defensive
Center Left Wing Right Wing Defense Defense
Jordan Staal Eric Nystrom Patrick Kane Braydon Coburn Ryan Parent
Goaltenders
Starting : Marc-André Fleury
Backup : Tyler Weiman
Extra Forwards
Normal : Taylor Hall, Mika Zibanejad, Patrick Kane - PP : Brayden Schenn, Ben Smith - PK : Ben Smith
Extra Defensemen
Normal : Hampus Lindholm, Braydon Coburn, Kevin Shattenkirk - PP : John Klingberg - PK : Ryan Parent, Kevin Shattenkirk
Penalty Shots
Patrick Kane, Jordan Staal, Taylor Hall, Brayden Schenn, John Klingberg
Scratches
None
Kings
5 vs 5 Forward
Center Left Wing Right Wing Time % Phy DF OF
1 Anze Kopitar Gabriel Landeskog Nikita Kucherov 35 1 2 2
2 Gilbert Brule Clarke MacArthur Blake Wheeler 35 1 2 2
3 Vincent Lecavalier Matt Martin Tomas Kopecky 20 1 2 2
4 Peter Regin Daniel Carcillo Adam Burish 10 2 3 0
5 vs 5 Defense
Defense Defense Time % Phy DF OF
1 Jeff Schultz Torey Krug 35 1 3 1
2 Dan Hamhuis Shea Weber 30 1 3 1
3 Darnell Nurse Dougie Hamilton 30 1 3 1
4 Dougie Hamilton Darnell Nurse 5 1 3 1
PowerPlay Forward
Center Left Wing Right Wing Time % Phy DF OF
1 Anze Kopitar Gabriel Landeskog Nikita Kucherov 60 1 0 4
2 Gilbert Brule Clarke MacArthur Tomas Kopecky 40 1 0 4
PowerPlay Defense
Defense Defense Time % Phy DF OF
1 Dougie Hamilton Torey Krug 60 0 2 3
2 Shea Weber Jeff Schultz 40 0 2 3
Penalty Kill 4 Players Forward
Center Wing Time % Phy DF OF
1 Blake Wheeler Daniel Carcillo 60 1 3 1
2 Peter Regin Adam Burish 40 1 3 1
Penalty Kill 4 Players Defense
Defense Defense Time % Phy DF OF
1 Jeff Schultz Darnell Nurse 60 1 4 0
2 Torey Krug Shea Weber 40 1 4 0
Penalty Kill - 3 Players Forward
Forward Time % Phy DF OF
1 Blake Wheeler 60 1 3 1
2 Gabriel Landeskog 40 1 3 1
Penalty Kill - 3 Players Defense
Defense Defense Time % Phy DF OF
1 Jeff Schultz Torey Krug 60 1 4 0
2 Shea Weber Darnell Nurse 40 1 4 0
4 vs 4 Forward
Center Wing Time % Phy DF OF
1 Anze Kopitar Nikita Kucherov 60 1 2 2
2 Gabriel Landeskog Vincent Lecavalier 40 1 1 3
4 vs 4 Defense
Defense Defense Time % Phy DF OF
1 Torey Krug Jeff Schultz 60 1 2 2
2 Darnell Nurse Dougie Hamilton 40 1 2 2
Last Minutes Offensive
Center Left Wing Right Wing Defense Defense
Anze Kopitar Gabriel Landeskog Nikita Kucherov Dougie Hamilton Torey Krug
Last Minutes Defensive
Center Left Wing Right Wing Defense Defense
Anze Kopitar Gabriel Landeskog Blake Wheeler Jeff Schultz Torey Krug
Goaltenders
Starting : Jaroslav Halak
Backup : John Gibson
Extra Forwards
Normal : Gabriel Landeskog, Matt Martin, Clarke MacArthur - PP : Matt Martin, Vincent Lecavalier - PK : Anze Kopitar
Extra Defensemen
Normal : Jeff Schultz, Torey Krug, Shea Weber - PP : Dan Hamhuis - PK : Dan Hamhuis, Dougie Hamilton
Penalty Shots
Anze Kopitar, Clarke MacArthur, Vincent Lecavalier, Nikita Kucherov, Gilbert Brule
Scratches
None
% Time on Ice - Maple Leafs
Lines # - Real PCT - Wanted PCT - Time Play
Normal Forward
1 - 35% - 40% - 17:58
2 - 26% - 30% - 13:21
3 - 24% - 20% - 12:22
4 - 16% - 10% - 8:23
Normal Defense
1 - 38% - 40% - 19:32
2 - 34% - 30% - 17:36
3 - 22% - 20% - 11:38
4 - 6% - 10% - 3:18
PP Forward
1 - 54% - 60% - 4:16
2 - 46% - 40% - 3:40
PP Defense
1 - 63% - 60% - 4:59
2 - 37% - 40% - 2:57
PK Forward
1 - 0% - 60%
2 - 0% - 40%
PK Defense
1 - 0% - 60%
2 - 0% - 40%
PK3 Forward
1 - 0% - 60%
2 - 0% - 40%
PK3 Defense
1 - 0% - 60%
2 - 0% - 40%
44 Forward
1 - 0% - 60%
2 - 0% - 40%
44 Defense
1 - 0% - 60%
2 - 0% - 40%
Last Minute Offensive - 0:00
Last Minute Defensive - 0:00
Total
Forward - 60:00
Defense - 60:00
|
% Time on Ice - Kings
Lines # - Real PCT - Wanted PCT - Time Play
Normal Forward
1 - 33% - 35% - 17:04
2 - 33% - 35% - 17:03
3 - 20% - 20% - 10:30
4 - 14% - 10% - 7:27
Normal Defense
1 - 35% - 35% - 18:18
2 - 32% - 30% - 16:38
3 - 31% - 30% - 15:55
4 - 2% - 5% - 1:13
PP Forward
1 - 0% - 60%
2 - 0% - 40%
PP Defense
1 - 0% - 60%
2 - 0% - 40%
PK Forward
1 - 75% - 60% - 5:55
2 - 25% - 40% - 2:01
PK Defense
1 - 58% - 60% - 4:38
2 - 42% - 40% - 3:18
PK3 Forward
1 - 0% - 60%
2 - 0% - 40%
PK3 Defense
1 - 0% - 60%
2 - 0% - 40%
44 Forward
1 - 0% - 60%
2 - 0% - 40%
44 Defense
1 - 0% - 60%
2 - 0% - 40%
Last Minute Offensive - 0:00
Last Minute Defensive - 0:00
Total
Forward - 60:00
Defense - 60:00
|
Play-by-Play
1st period
0:01 of 1st period - Anze Kopitar wins face-off versus Jordan Staal in neutral zone.
0:04 of 1st period - Hampus Lindholm is hit by Anze Kopitar and loses puck.
0:44 of 1st period - Snap shot by Taylor Hall.
0:44 of 1st period - Deflect By Torey Krug.
0:44 of 1st period - Stopped by Jaroslav Halak with a rebound.
0:46 of 1st period - Snap shot by Brayden Schenn.
0:46 of 1st period - Shot Blocked by Torey Krug.
0:56 of 1st period - Matt Martin is hit by Jake Guentzel and loses puck.
1:03 of 1st period - Wrist shot by Jake Guentzel.
1:03 of 1st period - Shot Misses the Net.
1:25 of 1st period - Snap shot by Blake Comeau.
1:25 of 1st period - Stopped by Jaroslav Halak without a rebound.
1:26 of 1st period - Jordan Staal wins face-off versus Peter Regin in Kings zone.
2:58 of 1st period - Minor Penalty to Matt Martin for Holding Stick.
2:59 of 1st period - Blake Wheeler wins face-off versus Jordan Staal in Kings zone.
4:35 of 1st period - Anze Kopitar is hit by Hampus Lindholm.
4:58 of 1st period - Penalty to Matt Martin is over, Matt Martin is back on ice.
6:16 of 1st period - Snap shot by Nikita Kucherov.
6:16 of 1st period - Shot Misses the Net.
6:18 of 1st period - Slapshot by Darnell Nurse.
6:18 of 1st period - Shot Blocked by Blake Comeau.
6:20 of 1st period - Slapshot by Jeff Schultz.
6:20 of 1st period - Deflect By Kevin Shattenkirk.
6:20 of 1st period - Stopped by Marc-André Fleury with a rebound.
6:22 of 1st period - Snap shot by Gabriel Landeskog.
6:22 of 1st period - Shot Blocked by Nate Thompson.
6:34 of 1st period - Wrist shot by Brayden Schenn.
6:34 of 1st period - Goal by Brayden Schenn - Maple Leafs : 1 - Kings : 0.
6:35 of 1st period - Jordan Staal wins face-off versus Anze Kopitar in neutral zone.
6:40 of 1st period - Nikita Kucherov is hit by Kyle Clifford and loses puck.
7:01 of 1st period - Brayden Schenn is hit by Vincent Lecavalier and loses puck.
7:08 of 1st period - Snap shot by Matt Martin.
7:08 of 1st period - Stopped by Marc-André Fleury without a rebound.
7:09 of 1st period - Jordan Staal wins face-off versus Tomas Kopecky in Maple Leafs zone.
7:48 of 1st period - Wrist shot by Brayden Schenn.
7:48 of 1st period - Stopped by Jaroslav Halak with a rebound.
7:52 of 1st period - Wrist shot by Taylor Hall.
7:52 of 1st period - Stopped by Jaroslav Halak with a rebound.
7:54 of 1st period - Snap shot by Ben Smith.
7:54 of 1st period - Shot Misses the Net.
8:16 of 1st period - Wrist shot by Nikita Kucherov.
8:16 of 1st period - Shot Misses the Net.
8:22 of 1st period - Snap shot by Nikita Kucherov.
8:22 of 1st period - Stopped by Marc-André Fleury without a rebound.
8:23 of 1st period - Brayden Schenn wins face-off versus Gilbert Brule in Maple Leafs zone.
8:50 of 1st period - Darnell Nurse is hit by Mika Zibanejad and loses puck.
9:01 of 1st period - Wrist shot by Clarke MacArthur.
9:01 of 1st period - Shot Blocked by Mika Zibanejad.
9:03 of 1st period - Snap shot by Jeff Schultz.
9:03 of 1st period - Shot Misses the Net.
9:09 of 1st period - Wrist shot by Gilbert Brule.
9:09 of 1st period - Stopped by Marc-André Fleury without a rebound.
9:10 of 1st period - Jordan Staal wins face-off versus Peter Regin in Maple Leafs zone.
9:37 of 1st period - Brayden Schenn is hit by Matt Martin and loses puck.
10:02 of 1st period - Wrist shot by Jake Guentzel.
10:02 of 1st period - Stopped by Jaroslav Halak without a rebound.
10:03 of 1st period - Anze Kopitar wins face-off versus Mika Zibanejad in Kings zone.
10:03 of 1st period - Anze Kopitar is hit by Beau Bennett.
10:19 of 1st period - Snap shot by John Klingberg.
10:19 of 1st period - Stopped by Jaroslav Halak without a rebound.
10:20 of 1st period - Jordan Staal wins face-off versus Gilbert Brule in Kings zone.
10:27 of 1st period - Slapshot by Jordan Staal.
10:27 of 1st period - Shot Blocked by Darnell Nurse.
10:44 of 1st period - Icing by Braydon Coburn.
10:45 of 1st period - Peter Regin wins face-off versus Jordan Staal in Maple Leafs zone.
10:48 of 1st period - Snap shot by Daniel Carcillo.
10:48 of 1st period - Stopped by Marc-André Fleury without a rebound.
10:49 of 1st period - Jordan Staal wins face-off versus Vincent Lecavalier in Maple Leafs zone.
11:06 of 1st period - Jordan Staal is hit by Vincent Lecavalier and loses puck.
12:24 of 1st period - Patrick Kane is hit by Matt Martin and loses puck.
12:40 of 1st period - Icing by Vincent Lecavalier.
12:41 of 1st period - Vincent Lecavalier wins face-off versus Brayden Schenn in Kings zone.
13:10 of 1st period - Snap shot by Patrick Kane.
13:10 of 1st period - Stopped by Jaroslav Halak with a rebound.
13:12 of 1st period - Slapshot by Hampus Lindholm.
13:12 of 1st period - Shot Misses the Net.
13:32 of 1st period - Wrist shot by Kevin Shattenkirk.
13:32 of 1st period - Shot Blocked by Darnell Nurse.
13:52 of 1st period - John Klingberg is hit by Matt Martin and loses puck.
13:58 of 1st period - Off-side.
13:59 of 1st period - Gilbert Brule wins face-off versus Jordan Staal in neutral zone.
14:30 of 1st period - Snap shot by Anze Kopitar.
14:30 of 1st period - Stopped by Marc-André Fleury without a rebound.
14:31 of 1st period - Brayden Schenn wins face-off versus Anze Kopitar in Maple Leafs zone.
14:42 of 1st period - Brayden Schenn is hit by Nikita Kucherov and loses puck.
15:34 of 1st period - Slapshot by Vincent Lecavalier.
15:34 of 1st period - Stopped by Marc-André Fleury without a rebound.
15:35 of 1st period - Jordan Staal wins face-off versus Gilbert Brule in Maple Leafs zone.
17:39 of 1st period - Gabriel Landeskog is hit by John Klingberg.
17:49 of 1st period - Slapshot by Patrick Kane.
17:49 of 1st period - Stopped by Jaroslav Halak without a rebound.
17:50 of 1st period - Jordan Staal wins face-off versus Gilbert Brule in Kings zone.
18:05 of 1st period - Wrist shot by Patrick Kane.
18:05 of 1st period - Stopped by Jaroslav Halak with a rebound.
18:32 of 1st period - Dougie Hamilton is hit by Taylor Hall and loses puck.
18:47 of 1st period - Slapshot by Vincent Lecavalier.
18:47 of 1st period - Stopped by Marc-André Fleury without a rebound.
18:48 of 1st period - Mika Zibanejad wins face-off versus Vincent Lecavalier in Maple Leafs zone.
18:55 of 1st period - Backhand shot by Vincent Lecavalier.
18:55 of 1st period - Shot Misses the Net.
18:57 of 1st period - Snap shot by Shea Weber.
18:57 of 1st period - Stopped by Marc-André Fleury with a rebound.
19:11 of 1st period - Wrist shot by Kevin Shattenkirk.
19:11 of 1st period - Shot Blocked by Shea Weber.
19:47 of 1st period - Snap shot by Matt Martin.
19:47 of 1st period - Shot Misses the Net.
19:49 of 1st period - Wrist shot by Dan Hamhuis.
19:49 of 1st period - Stopped by Marc-André Fleury with a rebound.
19:51 of 1st period - Snap shot by Tomas Kopecky.
19:51 of 1st period - Shot Misses the Net.
19:53 of 1st period - Wrist shot by Tomas Kopecky.
19:53 of 1st period - Stopped by Marc-André Fleury with a rebound.
19:55 of 1st period - Slapshot by Dan Hamhuis.
19:55 of 1st period - Shot Misses the Net.
19:57 of 1st period - Wrist shot by Tomas Kopecky.
19:57 of 1st period - Stopped by Marc-André Fleury with a rebound.
19:59 of 1st period - Slapshot by Matt Martin.
19:59 of 1st period - Shot Blocked by Beau Bennett.
Goals for this period are 1 for Maple Leafs vs 0 for Kings.
Shots for this period are 10 for Maple Leafs vs 12 for Kings.
2nd period
0:01 of 2nd period - Gilbert Brule wins face-off versus Kyle Clifford in neutral zone.
0:04 of 2nd period - Jordan Staal is hit by Gilbert Brule and loses puck.
0:11 of 2nd period - Snap shot by Clarke MacArthur.
0:11 of 2nd period - Stopped by Marc-André Fleury without a rebound.
0:12 of 2nd period - Gilbert Brule wins face-off versus Patrick Kane in Maple Leafs zone.
0:17 of 2nd period - Slapshot by Gilbert Brule.
0:17 of 2nd period - Shot Blocked by Patrick Kane.
0:19 of 2nd period - Wrist shot by Gilbert Brule.
0:19 of 2nd period - Shot Misses the Net.
0:23 of 2nd period - Wrist shot by Blake Wheeler.
0:23 of 2nd period - Shot Hit the Post.
0:25 of 2nd period - Snap shot by Clarke MacArthur.
0:25 of 2nd period - Stopped by Marc-André Fleury with a rebound.
0:39 of 2nd period - Jeff Schultz is hit by Braydon Coburn and loses puck.
1:11 of 2nd period - Icing by Dougie Hamilton.
1:12 of 2nd period - Peter Regin wins face-off versus Jordan Staal in Kings zone.
1:47 of 2nd period - Snap shot by Gilbert Brule.
1:47 of 2nd period - Shot Blocked by Ben Smith.
2:07 of 2nd period - Slapshot by Blake Comeau.
2:07 of 2nd period - Shot Blocked by Jeff Schultz.
2:27 of 2nd period - Slapshot by Torey Krug.
2:27 of 2nd period - Shot Blocked by Mika Zibanejad.
2:29 of 2nd period - Backhand shot by Matt Martin.
2:29 of 2nd period - Shot Misses the Net.
2:31 of 2nd period - Snap shot by Tomas Kopecky.
2:31 of 2nd period - Stopped by Marc-André Fleury without a rebound.
2:32 of 2nd period - Jordan Staal wins face-off versus Gilbert Brule in Maple Leafs zone.
2:43 of 2nd period - Wrist shot by Gilbert Brule.
2:43 of 2nd period - Goal by Gilbert Brule - Maple Leafs : 1 - Kings : 1.
2:44 of 2nd period - Jordan Staal wins face-off versus Gilbert Brule in neutral zone.
3:36 of 2nd period - Torey Krug is hit by Taylor Hall.
3:56 of 2nd period - Wrist shot by Blake Comeau.
3:56 of 2nd period - Stopped by Jaroslav Halak without a rebound.
3:57 of 2nd period - Nate Thompson wins face-off versus Gilbert Brule in Kings zone.
4:00 of 2nd period - Slapshot by John Klingberg.
4:00 of 2nd period - Deflect By Nate Thompson.
4:00 of 2nd period - Stopped by Jaroslav Halak with a rebound.
4:12 of 2nd period - Slapshot by Gilbert Brule.
4:12 of 2nd period - Stopped by Marc-André Fleury without a rebound.
4:13 of 2nd period - Jordan Staal wins face-off versus Nikita Kucherov in Maple Leafs zone.
4:50 of 2nd period - Off-side.
4:51 of 2nd period - Anze Kopitar wins face-off versus Jordan Staal in neutral zone.
5:40 of 2nd period - Snap shot by Vincent Lecavalier.
5:40 of 2nd period - Deflect By Kevin Shattenkirk.
5:40 of 2nd period - Shot Blocked by Mika Zibanejad.
5:40 of 2nd period - Puck is out of play.
5:41 of 2nd period - Mika Zibanejad wins face-off versus Peter Regin in Maple Leafs zone.
5:49 of 2nd period - Minor Penalty to Daniel Carcillo for Holding.
5:50 of 2nd period - Blake Wheeler wins face-off versus Jordan Staal in Kings zone.
6:08 of 2nd period - Anze Kopitar is hit by Patrick Kane and loses puck.
7:49 of 2nd period - Penalty to Daniel Carcillo is over, Daniel Carcillo is back on ice.
8:05 of 2nd period - Snap shot by Anze Kopitar.
8:05 of 2nd period - Shot Blocked by Mika Zibanejad.
8:56 of 2nd period - Ryan Parent is hit by Clarke MacArthur and loses puck.
9:00 of 2nd period - Icing by Marc-Édouard Vlasic.
9:01 of 2nd period - Vincent Lecavalier wins face-off versus Brayden Schenn in Maple Leafs zone.
9:02 of 2nd period - Slapshot by Tomas Kopecky.
9:02 of 2nd period - Stopped by Marc-André Fleury with a rebound.
9:04 of 2nd period - Snap shot by Dan Hamhuis.
9:04 of 2nd period - Deflect By Matt Martin.
9:04 of 2nd period - Stopped by Marc-André Fleury with a rebound.
9:15 of 2nd period - Slapshot by Vincent Lecavalier.
9:15 of 2nd period - Stopped by Marc-André Fleury without a rebound.
9:16 of 2nd period - Jordan Staal wins face-off versus Anze Kopitar in Maple Leafs zone.
9:16 of 2nd period - Jordan Staal is hit by Anze Kopitar.
10:54 of 2nd period - Slapshot by Kevin Shattenkirk.
10:54 of 2nd period - Shot Blocked by Nikita Kucherov.
10:56 of 2nd period - Snap shot by Patrick Kane.
10:56 of 2nd period - Shot Misses the Net.
11:10 of 2nd period - Minor Penalty to Anze Kopitar for Slashing.
11:11 of 2nd period - Blake Wheeler wins face-off versus Jordan Staal in Kings zone.
11:38 of 2nd period - Torey Krug is hit by Ben Smith and loses puck.
12:42 of 2nd period - Icing by Patrick Kane.
12:43 of 2nd period - Gilbert Brule wins face-off versus Jordan Staal in Maple Leafs zone.
13:10 of 2nd period - Penalty to Anze Kopitar is over, Anze Kopitar is back on ice.
13:22 of 2nd period - Slapshot by Vincent Lecavalier.
13:22 of 2nd period - Stopped by Marc-André Fleury with a rebound.
13:46 of 2nd period - Snap shot by Gabriel Landeskog.
13:46 of 2nd period - Shot Blocked by Nate Thompson.
15:00 of 2nd period - Dan Hamhuis is hit by Eric Nystrom and loses puck.
15:26 of 2nd period - Kyle Clifford is hit by Nikita Kucherov and loses puck.
15:30 of 2nd period - Icing by Patrick Kane.
15:31 of 2nd period - Gilbert Brule wins face-off versus Jordan Staal in Maple Leafs zone.
15:34 of 2nd period - Wrist shot by Blake Wheeler.
15:34 of 2nd period - Stopped by Marc-André Fleury with a rebound.
15:50 of 2nd period - Snap shot by Jordan Staal.
15:50 of 2nd period - Shot Misses the Net.
15:52 of 2nd period - Snap shot by Braydon Coburn.
15:52 of 2nd period - Shot Blocked by Gilbert Brule.
16:06 of 2nd period - Snap shot by Kyle Clifford.
16:06 of 2nd period - Shot Misses the Net.
16:08 of 2nd period - Snap shot by Jordan Staal.
16:08 of 2nd period - Stopped by Jaroslav Halak without a rebound.
16:09 of 2nd period - Anze Kopitar wins face-off versus Brayden Schenn in Kings zone.
16:16 of 2nd period - Wrist shot by Nikita Kucherov.
16:16 of 2nd period - Stopped by Marc-André Fleury with a rebound.
16:22 of 2nd period - Slapshot by Taylor Hall.
16:22 of 2nd period - Goal by Taylor Hall - Maple Leafs : 2 - Kings : 1.
16:23 of 2nd period - Gilbert Brule wins face-off versus Brayden Schenn in neutral zone.
16:28 of 2nd period - Slapshot by Blake Wheeler.
16:28 of 2nd period - Shot Misses the Net.
16:40 of 2nd period - Wrist shot by Gilbert Brule.
16:40 of 2nd period - Stopped by Marc-André Fleury with a rebound.
17:33 of 2nd period - Snap shot by Daniel Carcillo.
17:33 of 2nd period - Shot Blocked by John Klingberg.
17:39 of 2nd period - Wrist shot by Daniel Carcillo.
17:39 of 2nd period - Stopped by Marc-André Fleury without a rebound.
17:40 of 2nd period - Jordan Staal wins face-off versus Gilbert Brule in Maple Leafs zone.
17:40 of 2nd period - Jordan Staal is hit by Shea Weber.
17:52 of 2nd period - Snap shot by Patrick Kane.
17:52 of 2nd period - Stopped by Jaroslav Halak with a rebound.
17:54 of 2nd period - Slapshot by Ryan Parent.
17:54 of 2nd period - Stopped by Jaroslav Halak with a rebound.
17:56 of 2nd period - Slapshot by Marc-Édouard Vlasic.
17:56 of 2nd period - Shot Blocked by Shea Weber.
18:06 of 2nd period - Slapshot by Kevin Shattenkirk.
18:06 of 2nd period - Deflect By Jake Guentzel.
18:06 of 2nd period - Shot Misses the Net.
18:06 of 2nd period - Puck is out of play.
18:07 of 2nd period - Anze Kopitar wins face-off versus Mika Zibanejad in Kings zone.
18:39 of 2nd period - Slapshot by John Klingberg.
18:39 of 2nd period - Shot Misses the Net.
18:45 of 2nd period - Jake Guentzel is hit by Jeff Schultz and loses puck.
18:56 of 2nd period - Wrist shot by Gilbert Brule.
18:56 of 2nd period - Shot Blocked by Kyle Clifford.
18:58 of 2nd period - Wrist shot by Clarke MacArthur.
18:58 of 2nd period - Shot Misses the Net.
19:00 of 2nd period - Snap shot by Blake Wheeler.
19:00 of 2nd period - Shot Misses the Net.
19:02 of 2nd period - Slapshot by Dan Hamhuis.
19:02 of 2nd period - Stopped by Marc-André Fleury without a rebound.
19:03 of 2nd period - Jordan Staal wins face-off versus Blake Wheeler in Maple Leafs zone.
19:55 of 2nd period - Braydon Coburn is hit by Anze Kopitar and loses puck.
Goals for this period are 1 for Maple Leafs vs 1 for Kings.
Shots for this period are 6 for Maple Leafs vs 14 for Kings.
3rd period
0:01 of 3rd period - Jordan Staal wins face-off versus Blake Wheeler in neutral zone.
1:09 of 3rd period - Jeff Schultz is hit by Braydon Coburn and loses puck.
1:18 of 3rd period - Backhand shot by Eric Nystrom.
1:18 of 3rd period - Shot Misses the Net.
1:20 of 3rd period - Snap shot by Eric Nystrom.
1:20 of 3rd period - Goal by Eric Nystrom - Maple Leafs : 3 - Kings : 1.
1:21 of 3rd period - Jordan Staal wins face-off versus Gilbert Brule in neutral zone.
1:26 of 3rd period - Snap shot by Blake Wheeler.
1:26 of 3rd period - Stopped by Marc-André Fleury without a rebound.
1:27 of 3rd period - Gilbert Brule wins face-off versus Jordan Staal in Maple Leafs zone.
2:23 of 3rd period - Snap shot by Jake Guentzel.
2:23 of 3rd period - Shot Blocked by Matt Martin.
2:25 of 3rd period - Wrist shot by Hampus Lindholm.
2:25 of 3rd period - Shot Hit the Post.
2:27 of 3rd period - Slapshot by Kevin Shattenkirk.
2:27 of 3rd period - Deflect By Mika Zibanejad.
2:27 of 3rd period - Stopped by Jaroslav Halak without a rebound.
2:28 of 3rd period - Gilbert Brule wins face-off versus Jordan Staal in Kings zone.
2:55 of 3rd period - Taylor Hall is hit by Shea Weber and loses puck.
3:02 of 3rd period - Snap shot by Nikita Kucherov.
3:02 of 3rd period - Stopped by Marc-André Fleury with a rebound.
3:39 of 3rd period - Wrist shot by Eric Nystrom.
3:39 of 3rd period - Shot Misses the Net.
3:45 of 3rd period - Slapshot by Eric Nystrom.
3:45 of 3rd period - Goal by Eric Nystrom - Maple Leafs : 4 - Kings : 1.
3:45 of 3rd period - John Gibson enters game.
3:46 of 3rd period - Jordan Staal wins face-off versus Gilbert Brule in neutral zone.
4:03 of 3rd period - Snap shot by Blake Wheeler.
4:03 of 3rd period - Shot Misses the Net.
4:09 of 3rd period - Dan Hamhuis is hit by Patrick Kane and loses puck.
4:22 of 3rd period - Slapshot by Kyle Clifford.
4:22 of 3rd period - Shot Misses the Net.
4:24 of 3rd period - Snap shot by Kevin Shattenkirk.
4:24 of 3rd period - Shot Blocked by Dan Hamhuis.
4:26 of 3rd period - Slapshot by Kevin Shattenkirk.
4:26 of 3rd period - Shot Blocked by Dan Hamhuis.
4:28 of 3rd period - Snap shot by Hampus Lindholm.
4:28 of 3rd period - Stopped by John Gibson with a rebound.
4:30 of 3rd period - Slapshot by Hampus Lindholm.
4:30 of 3rd period - Deflect By Dan Hamhuis.
4:30 of 3rd period - Stopped by John Gibson with a rebound.
5:14 of 3rd period - Wrist shot by Patrick Kane.
5:14 of 3rd period - Stopped by John Gibson without a rebound.
5:15 of 3rd period - Brayden Schenn wins face-off versus Anze Kopitar in Kings zone.
6:13 of 3rd period - Slapshot by Ryan Parent.
6:13 of 3rd period - Shot Misses the Net.
6:36 of 3rd period - Wrist shot by Mika Zibanejad.
6:36 of 3rd period - Shot Misses the Net.
6:52 of 3rd period - Slapshot by Darnell Nurse.
6:52 of 3rd period - Shot Misses the Net.
8:20 of 3rd period - Off-side.
8:21 of 3rd period - Brayden Schenn wins face-off versus Anze Kopitar in neutral zone.
8:53 of 3rd period - Snap shot by Clarke MacArthur.
8:53 of 3rd period - Stopped by Marc-André Fleury with a rebound.
8:55 of 3rd period - Snap shot by Clarke MacArthur.
8:55 of 3rd period - Shot Blocked by Beau Bennett.
9:08 of 3rd period - Minor Penalty to Vincent Lecavalier for Tripping.
9:09 of 3rd period - Blake Wheeler wins face-off versus Jordan Staal in Kings zone.
9:22 of 3rd period - Snap shot by Taylor Hall.
9:22 of 3rd period - Stopped by John Gibson with a rebound.
9:24 of 3rd period - Slapshot by Hampus Lindholm.
9:24 of 3rd period - Shot Blocked by Jeff Schultz.
9:26 of 3rd period - Wrist shot by Taylor Hall.
9:26 of 3rd period - Shot Misses the Net.
11:08 of 3rd period - Penalty to Vincent Lecavalier is over, Vincent Lecavalier is back on ice.
11:10 of 3rd period - Mika Zibanejad is hit by Jeff Schultz and loses puck.
11:17 of 3rd period - Snap shot by Anze Kopitar.
11:17 of 3rd period - Shot Misses the Net.
12:04 of 3rd period - Slapshot by Vincent Lecavalier.
12:04 of 3rd period - Stopped by Marc-André Fleury without a rebound.
12:05 of 3rd period - Jordan Staal wins face-off versus Gilbert Brule in Maple Leafs zone.
12:35 of 3rd period - Slapshot by Hampus Lindholm.
12:35 of 3rd period - Shot Blocked by Shea Weber.
14:10 of 3rd period - Ryan Parent is hit by Gilbert Brule and loses puck.
15:08 of 3rd period - Beau Bennett is hit by Torey Krug and loses puck.
15:15 of 3rd period - Snap shot by Adam Burish.
15:15 of 3rd period - Shot Misses the Net.
16:31 of 3rd period - Off-side.
16:32 of 3rd period - Anze Kopitar wins face-off versus Jordan Staal in neutral zone.
16:32 of 3rd period - Anze Kopitar is hit by Jordan Staal.
16:59 of 3rd period - Backhand shot by Tomas Kopecky.
16:59 of 3rd period - Stopped by Marc-André Fleury with a rebound.
17:01 of 3rd period - Wrist shot by Dougie Hamilton.
17:01 of 3rd period - Stopped by Marc-André Fleury without a rebound.
17:02 of 3rd period - Gilbert Brule wins face-off versus Brayden Schenn in Maple Leafs zone.
17:03 of 3rd period - Snap shot by Clarke MacArthur.
17:03 of 3rd period - Stopped by Marc-André Fleury with a rebound.
17:05 of 3rd period - Snap shot by Gilbert Brule.
17:05 of 3rd period - Shot Misses the Net.
17:07 of 3rd period - Snap shot by Gilbert Brule.
17:07 of 3rd period - Stopped by Marc-André Fleury without a rebound.
17:08 of 3rd period - Brayden Schenn wins face-off versus Gilbert Brule in Maple Leafs zone.
17:08 of 3rd period - Brayden Schenn is hit by Shea Weber.
17:22 of 3rd period - Snap shot by Clarke MacArthur.
17:22 of 3rd period - Stopped by Marc-André Fleury with a rebound.
17:24 of 3rd period - Snap shot by Clarke MacArthur.
17:24 of 3rd period - Shot Blocked by Taylor Hall.
17:38 of 3rd period - Snap shot by Patrick Kane.
17:38 of 3rd period - Shot Blocked by Dan Hamhuis.
17:40 of 3rd period - Slapshot by Kevin Shattenkirk.
17:40 of 3rd period - Shot Misses the Net.
17:42 of 3rd period - Wrist shot by Jordan Staal.
17:42 of 3rd period - Shot Misses the Net.
17:44 of 3rd period - Snap shot by Hampus Lindholm.
17:44 of 3rd period - Stopped by John Gibson without a rebound.
17:45 of 3rd period - Gilbert Brule wins face-off versus Brayden Schenn in Kings zone.
17:48 of 3rd period - Wrist shot by Taylor Hall.
17:48 of 3rd period - Stopped by John Gibson with a rebound.
17:50 of 3rd period - Slapshot by Ryan Parent.
17:50 of 3rd period - Shot Blocked by Torey Krug.
17:52 of 3rd period - Slapshot by Marc-Édouard Vlasic.
17:52 of 3rd period - Deflect By Taylor Hall.
17:52 of 3rd period - Goal by Taylor Hall - Maple Leafs : 5 - Kings : 1.
17:53 of 3rd period - Jordan Staal wins face-off versus Gilbert Brule in neutral zone.
18:15 of 3rd period - Blake Wheeler is hit by Kyle Clifford and loses puck.
18:26 of 3rd period - Nikita Kucherov is hit by Hampus Lindholm and loses puck.
19:35 of 3rd period - Snap shot by Ben Smith.
19:35 of 3rd period - Shot Blocked by Darnell Nurse.
19:37 of 3rd period - Snap shot by Brayden Schenn.
19:37 of 3rd period - Stopped by John Gibson with a rebound.
19:51 of 3rd period - Snap shot by Jordan Staal.
19:51 of 3rd period - Goal by Jordan Staal - Maple Leafs : 6 - Kings : 1.
19:52 of 3rd period - Jordan Staal wins face-off versus Anze Kopitar in neutral zone.
19:59 of 3rd period - Slapshot by Jordan Staal.
19:59 of 3rd period - Stopped by John Gibson with a rebound.
Goals for this period are 4 for Maple Leafs vs 0 for Kings.
Shots for this period are 13 for Maple Leafs vs 9 for Kings.
Back to the Top